 Dungeon Crawl Stone Soup version 0.23-a0-350-g6fd5563 (webtiles) character file.

17707 RoseArtemis the Cleaver (level 12, -5/78 HPs)
             Began as a Tengu Berserker on Oct 20, 2018.
             Was a High Priest of Trog.
             Slain by a hell rat (8 damage)
             ... on level 2 of the Lair of Beasts.
             The game lasted 00:44:10 (14073 turns).

RoseArtemis the Cleaver (Tengu Berserker)          Turns: 14073, Time: 00:44:11

Health: -5/78      AC: 19    Str: 22    XL:     12   Next: 50%
Magic:  16/16      EV:  7    Int:  8    God:    Trog [*****.]
Gold:   577        SH:  3    Dex: 14    Spells: 11/11 levels left

rFire    + . .     SeeInvis .   a - +0 battleaxe
rCold    . . .     Gourm    .   (shield currently unavailable)
rNeg     . . .     Faith    .   e - +0 plate armour
rPois    .         Spirit   .   (helmet restricted)
rElec    .         Reflect  +   m - +1 cloak {+Inv}
rCorr    .         Harm     .   B - +1 pair of gloves
MR       .....                  (boots unavailable)
Stlth    ..........             F - +3 amulet of reflection
HPRegen  0.23/turn              f - ring of protection from fire
MPRegen  0.15/turn              (no ring)

@: drained
A: beak, talons 3, able to fly 1
a: Fly, Berserk, Trog's Hand, Brothers in Arms, Renounce Religion, Evoke
Invisibility


You were on level 2 of the Lair of Beasts.
You worshipped Trog.
Trog was extremely pleased with you.
You were not hungry.

You visited 3 branches of the dungeon, and saw 13 of its levels.
You also visited: Sewer.

You collected 577 gold pieces.

Inventory:

Hand Weapons
 a - a +0 battleaxe (weapon)
Armour
 e - a +0 plate armour (worn)
 m - a +1 cloak of invisibility (worn)
 B - a +1 pair of gloves (worn)
Jewellery
 b - an uncursed ring of protection from cold
 f - a ring of protection from fire (left hand)
 x - an uncursed ring of see invisible {unknown}
 D - an uncursed ring of ice
 F - a +3 amulet of reflection (around neck)
 G - an uncursed ring of ice
Wands
 l - a wand of enslavement (14)
 y - a wand of acid (10)
 C - a wand of iceblast (18)
 E - a wand of paralysis (17)
Scrolls
 d - a scroll of silence
 i - 3 scrolls of teleportation
 j - a scroll of enchant weapon {unknown}
 k - 4 scrolls of magic mapping
 r - 5 scrolls of remove curse
 w - a scroll of enchant armour
Potions
 g - 3 potions of flight {unknown}
 h - 3 potions of cancellation {unknown}
 o - 3 potions of berserk rage {unknown}
 p - 8 potions of curing
 q - a potion of haste {unknown}
 s - 3 potions of resistance {unknown}
 t - 3 potions of agility {unknown}
 u - 3 potions of heal wounds
 z - 2 potions of might
 A - a potion of lignification {unknown}
Comestibles
 c - 19 rations
 n - 18 chunks of flesh


   Skills:
 + Level 10.4(9.1) Fighting
 * Level 14.9(13.5) Axes
 + Level 11.0(9.7) Armour
 - Level 2.1(1.2) Dodging
 - Level 4.0(2.9) Evocations


You had 11 spell levels left.
You didn't know any spells.
Your spell library was empty.

Dungeon Overview and Level Annotations

Branches:
Dungeon (10/15)            Temple (1/1) D:5            Lair (2/6) D:10
  Swamp: Lair:2-4    Shoals: Lair:2-4     Snake: Lair:2-4    Spider: Lair:2-4
    Orc: D:9-12

Altars:
Ashenzari
Cheibriados
Dithmenos
Elyvilon
Fedhas
Gozag
Hepliaklqana
Kikubaaqudgha
Makhleb
Nemelex Xobeh
Okawaru
Qazlal
Ru
Sif Muna
Trog
Uskayaw
Vehumet
Wu Jian
Xom
Yredelemnul
Zin
The Shining One

Shops:
D:8 (

Annotations:
D:8 exclusion: downstairs


Innate Abilities, Weirdness & Mutations

You have a beak for a mouth.
You have claws for feet.
You can fly.


Message History

You kill the hell rat!
The hell rat bites you.
* * * LOW HITPOINT WARNING * * *
The hell rat bites you but does no damage. x2
You hit the hell rat. Your kick misses the hell rat.
You closely miss the hell rat. The hell rat bites you!
* * * LOW HITPOINT WARNING * * *
You feel drained.
* * * LOW HITPOINT WARNING * * *
The hell rat closely misses you.
The hell rat bites you but does no damage.
The hell rat barely misses you. The hell rat barely misses you.
The hell rat bites you!
* * * LOW HITPOINT WARNING * * *
You feel drained.
* * * LOW HITPOINT WARNING * * *
The hell rat bites you but does no damage.
The hell rat bites you!
You die...

#..........###.## #.....
#.........P#...# #....
#.........####.P #...#
##.......(# ##.## #...#
#........# #..## #...#
#......÷<####..# #...##
##......÷.†....####### #....#
#..............##..P.###....#
##..........@rY...[.........#
##...........r...........†...
#....#.#.#.#.P#...........†..
#."..##########......P.##.#..
#P...# #.......#####.. #P...#
#......## #.. ##...##
#P......# #.. ##..YP#
##......# #... #.....#
#......# #...


You could see a yak and 2 hell rats.

Vanquished Creatures
  Fannar (Lair:1)
  Harold (D:8)
  A tengu warrior (D:9)
  Pikel (D:7)
  3 elephants
  Maurice (D:9)
  Joseph (D:9)
  Psyche (D:9)
  A gargoyle (D:10)
  3 spiny frogs (Lair:2)
  2 komodo dragons
  A merfolk (D:10)
  3 hippogriffs
  A wyvern (D:8)
  A spriggan (D:10)
  A human (D:10)
  Grum (D:8)
  A steam dragon (Lair:2)
  25 yaks
  2 wargs (D:10)
  4 water moccasins
  2 orc warriors
  2 porcupines (Lair:2)
  3 ice beasts
  3 sky beasts
  3 slaves (D:7)
  2 necrophages
  2 phantoms
  2 wolves (D:8)
  7 centaurs
  9 ogres
  A crocodile (D:9)
  A big kobold (Sewer)
  5 bullfrogs
  A gnoll sergeant (D:10)
  5 scorpions
  2 electric eels (Lair:1)
  3 wights (D:8)
  4 crimson imps
  A quasit (D:7)
  3 centaur zombies
  A bullfrog zombie (D:7)
  2 centaur skeletons
  3 hounds
  A jelly (D:10)
  2 bullfrog skeletons (D:8)
  9 orc priests
  3 iguanas
  17 orc wizards
  5 hell rats (Lair:2)
  8 worker ants
  A hound zombie (D:6)
  Robin (D:2)
  10 gnolls
  12 adders
  6 river rats
  2 shadow imps
  A white imp (D:5)
  2 oozes
  An adder zombie (D:9)
  2 adder skeletons
  5 worms
  4 dart slugs
  9 leopard geckos
  53 orcs
  3 bats
  3 giant cockroaches
  17 goblins
  10 hobgoblins
  5 quokkas
  9 ball pythons
  11 frilled lizards
  A giant cockroach zombie (D:5)
  2 jackal skeletons
  20 kobolds
  A quokka skeleton (D:8)
  26 rats
  A fungus (Lair:1)
386 creatures vanquished.

Vanquished Creatures (others)
  An adder (D:7)
1 creature vanquished.

Grand Total: 387 creatures vanquished

Notes
Turn   | Place    | Note
-------+----------+-------------------------------------------
     0 | D:1      | RoseArtemis the Tengu Berserker began the quest for the
                  | Orb.
     0 | D:1      | Reached XP level 1. HP: 14/14 MP: 2/2
   297 | D:1      | Reached XP level 2. HP: 19/19 MP: 3/3
   714 | D:1      | Reached skill level 4 in Axes
   714 | D:1      | Reached XP level 3. HP: 23/23 MP: 4/4
  1133 | D:2      | Found a blossoming altar of Fedhas.
  1139 | D:2      | Noticed Robin
  1607 | D:2      | Reached ** piety under Trog
  1618 | D:2      | Killed Robin
  1618 | D:2      | Reached XP level 4. HP: 7/28 MP: 5/5
  2376 | D:3      | Gained mutation: You can fly. [Tengu growth]
  2376 | D:3      | Reached XP level 5. HP: 31/33 MP: 6/6
  2382 | D:3      | Reached skill level 5 in Axes
  3189 | D:3      | Reached *** piety under Trog
  3263 | D:3      | Found a deep blue altar of Sif Muna.
  3388 | D:4      | Reached XP level 6. HP: 38/38 MP: 7/7
  3424 | D:4      | Found a glowing drain.
  3463 | Sewer    | Entered a sewer
  3729 | Sewer    | Reached skill level 6 in Axes
  3963 | Sewer    | Reached **** piety under Trog
  3965 | Sewer    | Reached XP level 7. HP: 43/44 MP: 8/8
  4363 | D:4      | Found a bloodstained altar of Trog.
  4901 | D:4      | Reached skill level 7 in Axes
  5233 | D:5      | Entered Level 5 of the Dungeon
  5263 | D:5      | Reached skill level 5 in Fighting
  5263 | D:5      | Reached skill level 5 in Armour
  5269 | D:5      | Reached XP level 8. HP: 49/49 MP: 9/9
  5326 | D:5      | Noticed a hippogriff
  5355 | D:5      | Killed a hippogriff
  5355 | D:5      | Reached skill level 8 in Axes
  6007 | D:5      | Found a staircase to the Ecumenical Temple.
  6025 | D:5      | Reached skill level 9 in Axes
  6033 | Temple   | Entered the Ecumenical Temple
  6800 | D:6      | Found a bloodstained altar of Trog.
  6800 | D:6      | Found an ornate altar of the Wu Jian Council.
  6802 | D:6      | Found a white marble altar of Elyvilon.
  6846 | D:6      | Found an opulent altar of Gozag.
  6863 | D:6      | Reached XP level 9. HP: 27/55 MP: 10/10
  6921 | D:6      | Reached ***** piety under Trog
  6930 | D:6      | Reached skill level 10 in Axes
  7045 | D:6      | Found a sparkling altar of Nemelex Xobeh.
  7073 | D:6      | Found a basalt altar of Yredelemnul.
  7375 | D:6      | Found a snail-covered altar of Cheibriados.
  7775 | D:7      | Noticed Pikel
  7786 | D:7      | Reached skill level 11 in Axes
  7799 | D:7      | Killed Pikel
  7799 | D:7      | Reached XP level 10. HP: 64/64 MP: 11/11
  8321 | D:8      | Found Cusa's Weapon Shoppe.
  8340 | D:8      | Reached skill level 12 in Axes
  8471 | D:8      | Noticed Harold
  8491 | D:8      | Killed Harold
  8813 | D:8      | Received a gift from Trog
  8824 | D:8      | Noticed Grum
  8836 | D:8      | Reached XP level 11. HP: 36/69 MP: 4/12
  8897 | D:8      | Killed Grum
  9703 | D:9      | Noticed Psyche
  9717 | D:9      | Killed Psyche
  9717 | D:9      | Reached skill level 13 in Axes
  9782 | D:9      | Noticed a tengu warrior
 10104 | D:9      | Killed a tengu warrior
 10619 | D:9      | Noticed Maurice
 10625 | D:9      | Paralysed by Maurice for 7 turns
 10642 | D:9      | Paralysed by Maurice for 7 turns
 10834 | D:9      | Noticed Joseph
 10843 | D:9      | Reached skill level 1 in Evocations
 10850 | D:9      | Killed Joseph
 11021 | D:9      | Found a glowing golden altar of the Shining One.
 11136 | D:9      | Paralysed by Maurice for 4 turns
 11142 | D:9      | Killed Maurice
 11253 | D:10     | Entered Level 10 of the Dungeon
 11262 | D:10     | Reached skill level 10 in Armour
 11873 | D:10     | Found a staircase to the Lair.
 12392 | D:10     | Reached skill level 14 in Axes
 12446 | Lair:1   | Entered Level 1 of the Lair of Beasts
 12681 | Lair:1   | Reached XP level 12. HP: 77/77 MP: 15/15
 12771 | Lair:1   | Reached skill level 10 in Fighting
 12941 | Lair:1   | Noticed Fannar
 12950 | Lair:1   | Killed Fannar
 14069 | Lair:2   | HP: 2/78 [hell rat (2)]
 14073 | Lair:2   | Slain by a hell rat

Vault maps used:
D:1:      nicolae_arrival_washed_ashore
D:2:      lemuel_coloured_pillars_altar, uniq_robin
D:3:      led_sif_book
D:4:      first_ration, portal_sewer_entry_a, bloody_trog
D:5:      minmay_temple_entry_large_hall, minmay_fire_ice_demons
D:6:      nemelex_xobeh_ov_fountains_minmay, yredelemnul_altar_generic,
          nicolae_overflow_hidden_temple
D:7:      uniq_pikel
D:8:      serial_shops, shop, uniq_harold, uniq_grum
D:9:      lemuel_round_altar, uniq_maurice, uniq_joseph, uniq_psyche
D:10:     erik_lair_orcish_takeover, hangedman_stone_soup
Temple:   minmay_temple_forest_path
Lair:1:   serial_bayou_lagoon_b, uniq_fannar
Lair:2:   shoals_dummy_entry, grunt_megastairs_1
Sewer:    sewer_minmay_treatment

Skill      XL: |  1  2  3  4  5  6  7  8  9 10 11 12 |
---------------+-------------------------------------+-----
Axes           | 4 5 6 7 9 11 12 14 | 14.9
Armour         | 3 4 5 6 8 9 10 11 | 11.0
Fighting       | 4 5 6 7 8 9 10 | 10.4
Evocations     | 3 4 |  4.0
Dodging        | |  2.1

Action                   |  1- 3 |  4- 6 |  7- 9 | 10-12 || total
-------------------------+-------+-------+-------+-------++-------
Melee: Hand axe          |    89 |   197 |   274 |       ||   560
       Kick              |    15 |    61 |   118 |   145 ||   339
       Peck              |    10 |    23 |    61 |    97 ||   191
       War axe           |       |       |    86 |    70 ||   156
       Battleaxe         |       |       |       |   367 ||   367
Invok: Berserk           |     1 |     5 |     8 |     9 ||    23
       Trog's Hand       |       |     2 |     6 |     8 ||    16
 Abil: Fly               |       |       |     1 |       ||     1
Evoke: Wand              |       |       |       |     2 ||     2
  Use: Scroll            |     1 |     4 |     3 |    14 ||    22
       Potion            |       |       |     3 |     4 ||     7
  Eat: Chunk             |     3 |    10 |    39 |    21 ||    73
       Ration            |       |     1 |       |     1 ||     2
Armor: Animal skin       |     6 |       |       |       ||     6
       Plate armour      |    25 |   116 |   206 |   254 ||   601
Dodge: Dodged            |    33 |    60 |   123 |   157 ||   373
Block: Other             |       |       |       |    34 ||    34

Table legend:
 A = Non-vault XP
 B = Vault XP
 C = Vault XP percentage of total XP
 D = Non-vault monster count
 E = Vault monster count
 F = Vault count percentage of total count
                 A         B        C        D         E       F
            +---------+---------+-------+---------+---------+-------
      Total |   18992 |    6305 |  24.9 |     287 |      95 |  24.9
            +---------+---------+-------+---------+---------+-------
        D:1 |      34 |       0 |   0.0 |      18 |       0 |   0.0
        D:2 |      23 |      36 |  61.0 |       7 |      12 |  63.2
        D:3 |     201 |       0 |   0.0 |      39 |       0 |   0.0
        D:4 |     399 |      21 |   5.0 |      20 |       6 |  23.1
        D:5 |    1221 |      58 |   4.5 |      28 |       2 |   6.7
        D:6 |    1434 |       0 |   0.0 |      43 |       0 |   0.0
        D:7 |    1089 |     641 |  37.1 |      22 |       1 |   4.3
        D:8 |    2837 |    1384 |  32.8 |      30 |       4 |  11.8
        D:9 |    3282 |    1365 |  29.4 |      31 |       3 |   8.8
       D:10 |    1673 |    1367 |  45.0 |      21 |      13 |  38.2
     Lair:1 |    3069 |    1038 |  25.3 |      15 |       1 |   6.2
     Lair:2 |    3730 |     169 |   4.3 |      13 |       5 |  27.8
      Sewer |       0 |     226 | 100.0 |       0 |      48 | 100.0
            +---------+---------+-------+---------+---------+-------
